Map: Vallée des cactus EC

Players

Wrrqqarrr

  • Race: Zerg Zerg

AgCl - Winner!

  • Race: Protoss Protoss

VOD

Have the link to the VOD?

Description

Time

  • Played on: May 19, 2015, 8:05 p.m.
  • Length: 8:51
Show
View Real Time Build Order
Export as new Build Order

Wrrqqarrr Zerg 

Build Orders: Hatch First 

Get SALT Encoding   

  12  0:02  Drone  
  13  0:10  Drone  
  14  0:15  Extractor  
  14  0:16  Drone  
  15  0:24  Overlord  
  15  0:48  Hatchery  
  14  0:50  Drone  
  14  0:52  Drone  
  16  0:58  Extractor  
  16  0:59  Drone  
  16  1:15  Spawning Pool  
  15  1:19  Drone  
  16  1:26  Overlord  
  16  1:31  Drone  
  17  1:37  Drone  
  18  2:03  Queen x2  
  18  2:05  Zergling x4  
  24  2:11  Metabolic Boost  
  24  2:16  Drone  
  24  2:20  Drone  
  25  2:40  Zergling x8  
  29  2:46  Drone  
  29  2:47  Drone  
  31  3:01  Hatchery  
  30  3:16  Drone  
  30  3:17  Drone x5  
  36  3:23  Overlord x2  
  36  3:42  Drone  
  36  3:43  Drone x6  
  42  4:05  Drone  
  42  4:06  Drone x7  
  42  4:09  Extractor  
  49  4:10  Extractor  
  49  4:15  Lair  
  48  4:19  Queen  
  48  4:21  Extractor  
  49  4:31  Queen  
  49  4:34  Spore Crawler  
  39  4:46  Spore Crawler  
  39  4:50  Spore Crawler  
  37  5:01  Drone  
  37  5:02  Drone x13  
  51  5:07  Queen  
  53  5:22  Hydralisk Den  
  52  5:30  Drone x2  
  52  5:31  Drone x3  
  52  5:33  Overlord x3  
  53  5:54  Drone x4  
  57  5:59  Muscular Augments  
  57  6:00  Hydralisk x5  
  67  6:11  Hydralisk  
  67  6:12  Hydralisk x2  
  73  7:00  Lurker Den  
  73  7:01  Extractor  
  72  7:02  Drone x3, Extractor  
  72  7:04  Overlord x5  
  74  7:11  Pneumatized Carapace  
  74  7:26  Hydralisk x12  
  74  7:27  Hydralisk  
  83  8:03  Hydralisk x9  
  83  8:04  Hydralisk  
  77  8:27  Hydralisk x6  
Show
View Real Time Build Order
Export as new Build Order

AgCl Protoss - Winner!

Build Orders: Oracle Opening, Oracle Opening 

Get SALT Encoding   

  12  0:18  Pylon  
  12  0:23  Probe  
  13  0:35  Probe  
  13  0:40  Gateway  
  14  0:48  Probe  
  15  1:00  Probe  
  16  1:06  Assimilator  
  16  1:12  Probe, Pylon  
  17  1:24  Probe  
  18  1:30  Zealot (Chrono Boost)  
  20  1:36  Probe  
  21  1:48  Probe  
  21  1:49  Cybernetics Core  
  22  2:00  Probe (Chrono Boost)  
  23  2:03  Assimilator  
  23  2:12  Probe (Chrono Boost)  
  24  2:18  Probe (Chrono Boost)  
  25  2:29  Probe  
  24  2:41  Nexus  
  26  2:49  Pylon  
  24  2:53  Probe (Chrono Boost)  
  24  2:54  Pylon  
  24  2:56  Warp Gate  
  24  2:57  Stargate  
  25  3:05  Probe (Chrono Boost)  
  26  3:14  Mothership Core (Chrono Boost)  
  26  3:19  Assimilator  
  28  3:31  Probe (Chrono Boost)  
  29  3:39  Probe (Chrono Boost)  
  29  3:40  Oracle (Chrono Boost)  
  33  3:44  Adept (Chrono Boost)  
  33  3:48  Probe  
  36  3:54  Probe  
  37  4:00  Probe  
  38  4:06  Probe  
  39  4:15  Probe (Chrono Boost)  
  40  4:17  Fleet Beacon  
  40  4:18  Probe (Chrono Boost)  
  40  4:22  Assimilator  
  41  4:28  Probe x2 (Chrono Boost)  
  43  4:35  Probe  
  43  4:36  Probe  
  45  4:51  Probe  
  47  4:52  Probe  
  47  4:54  Void Ray (Chrono Boost)  
  51  5:05  Probe, Pylon  
  52  5:10  Gateway  
  52  5:11  Probe (Chrono Boost)  
  53  5:17  Probe (Chrono Boost)  
  54  5:23  Probe (Chrono Boost), Graviton Catapult (Chrono Boost)  
  56  5:28  Probe (Chrono Boost)  
  56  5:31  Probe (Chrono Boost)  
  57  5:41  Probe  
  58  5:43  Carrier (Chrono Boost)  
  58  5:46  Pylon  
  58  5:55  Nexus  
  58  5:56  Pylon x2  
  58  5:58  Gateway  
  64  6:20  Twilight Council  
  64  6:22  Pylon  
  64  6:24  Probe  
  64  6:25  Probe  
  66  6:27  Stargate  
  66  6:29  Forge, Pylon  
  66  6:36  Probe  
  66  6:37  Probe, Carrier (Chrono Boost)  
  68  6:48  Probe  
  68  6:52  Probe  
  70  6:54  Pylon  
  76  7:03  Templar Archives  
  76  7:20  Pylon  
  76  7:24  Probe  
  76  7:25  Photon Cannon  
  76  7:26  Assimilator x2  
  76  7:27  Pylon  
  76  7:29  Probe  
  78  7:33  Adept, Zealot  
  78  7:34  Adept  
  78  7:36  Probe  
  85  7:41  Probe  
  79  8:07  Adept x3  
  87  8:28  Adept  
  87  8:29  Adept x2  
Tags
 
Add a new tag
Caveats
  • Supply blocks, unpowered buildings, or Contaminate may cause inaccurate times.
  • Supply counts are checked every 10 seconds.